 Dungeon Crawl Stone Soup version 0.25-a0-51-gc466198 (webtiles) character file.

Game seed: 17742159910331432274, levelgen mode: deterministic

766 BoppinsLewinski the Skirmisher (level 7, 0/55 HPs)
             Began as a Demonspawn Fighter on Oct 25, 2019.
             Slain by a mummy (4 damage)
             ... in an ossuary.
             The game lasted 00:07:43 (3625 turns).

BoppinsLewinski the Skirmisher (Demonspawn Fighter) Turns: 3625, Time: 00:07:45

Health: 0/55       AC: 17    Str: 18    XL:     7   Next: 52%
Magic:  7/7        EV:  6    Int: 10    God:
Gold:   122        SH:  0    Dex: 12    Spells: 6/6 levels left

rFire    . . .     SeeInvis .   a - +0 long sword
rCold    . . .     Gourm    .   (no shield)
rNeg     . . .     Faith    .   n - +0 plate armour
rPois    .         Spirit   .   l - +2 hat
rElec    .         Reflect  .   (no cloak)
rCorr    .         Harm     .   c - +0 pair of gloves
MR       .....                  (no boots)
Stlth    ..........             (no amulet)
HPRegen  0.18/turn              (no ring)
MPRegen  0.10/turn              (no ring)

@: no status effects
A: antennae 2, thin metallic scales 1
a: no special abilities


You were in an ossuary.
You were not hungry.

You visited 1 branch of the dungeon, and saw 4 of its levels.
You also visited: Ossuary.

You collected 122 gold pieces.

Inventory:

Hand Weapons
 a - a +0 long sword (weapon)
Missiles
 i - 2 javelins (quivered)
Armour
 c - a +0 pair of gloves (worn)
 l - a +2 hat (worn)
 n - a +0 plate armour (worn)
Scrolls
 b - a scroll of immolation
 g - 4 scrolls of remove curse
Comestibles
 f - 5 rations


   Skills:
 + Level 4.7 Fighting
 + Level 3.7 Long Blades
 + Level 3.2 Throwing
 + Level 4.2 Armour
 + Level 3.1 Dodging
   Level 2.6 Shields


You had 6 spell levels left.
You didn't know any spells.
Your spell library was empty.

Dungeon Overview and Level Annotations

Branches:
Dungeon (4/15)            Ossuary (1/1)
 Temple: D:4-7

Altars:
Gozag
Zin


Innate Abilities, Weirdness & Mutations

You have a pair of antennae on your head.
You are partially covered in thin metallic scales. (AC +2)


Message History

Ye hit tha mummy but do nay damage.
Tha mummy hits ye but does nay damage.
Tha mummy hits ye!
* * * LOW HITPOINT WARNIN'
* * * Unknown command.
Ye hit tha mummy but do nay damage.
Tha mummy hits ye but does nay damage.
Tha mummy hits ye!
* * * LOW HITPOINT WARNIN'
* * * Tha mummy hits ye but does nay damage.
Unknown command.
Throwin' (i - inventory)
i - 3 javelins (quiv'red)
Press: ? - help, Shift-Dir - straight line, f - mummy
Aim: a mummy Ye throw a javelin.
Tha javelin pierces through tha mummy.
Tha mummy be lightly damaged.
Ye feel less wood'n.
Yer +2 hat unmelds from yer body.
Yer +0 pair o' gloves unmelds from yer body.
Yer +0 plate armour unmelds from yer body.
Tha mummy hits ye but does nay damage.
Tha mummy hits ye.
Ye die...

....# #..# ....#
#..# ....# {+..#
....# { #..#
##### ### ######
#..# ....# ....
#....###..# ....#
..... #....'.'..#
....#
?!!...#MM..#.#..#
....#
!(!?..'M@..#.#..#
#####
$∩$?..########..#
....# ?$!?.
#....#.'..# ....#
?!?. #....'.#..#
....# ...
#....#.#..# ....#
.. #....###..#
#####
############.'..#
#....#....#.#..#
#....#....#.#..#


You could see 3 mummies.

Vanquished Creatures
  Sigmund (D:2)
  A sky beast (D:4)
  A howler monkey (D:4)
  A crimson imp (D:2)
  A centaur zombie (Ossuary)
  2 orc priests
  A hound (D:4)
  An orc wizard (D:2)
  A big kobold zombie (Ossuary)
  2 ogre zombies (Ossuary)
  4 mummies (Ossuary)
  Robin (D:3)
  7 adders
  2 oozes (D:1)
  An adder zombie (Ossuary)
  3 worms
  2 dart slugs
  3 leopard geckos
  11 orcs
  10 hobgoblins
  4 kobolds
  2 quokkas
  3 ball pythons
  2 bats
  4 frilled lizards
  A gnoll zombie (D:4)
  17 goblins
  3 goblin zombies (Ossuary)
  3 hobgoblin zombies (Ossuary)
  A kobold zombie (Ossuary)
  3 quokka zombies (Ossuary)
  9 rats
  3 rat zombies (Ossuary)
111 creatures vanquished.

Notes
Turn   | Place    | Note
-------+----------+-------------------------------------------
     0 | D:1      | BoppinsLewinski the Demonspawn Fighter began the quest for
                  | the Orb.
     0 | D:1      | Reached XP level 1. HP: 18/18 MP: 1/1
    16 | D:1      | Noticed an anaconda
    73 | D:1      | Gained mutation: You have a pair of small antennae on your
                  | head. [demonic ancestry]
    73 | D:1      | Reached XP level 2. HP: 10/24 MP: 2/2
   624 | D:1      | Reached XP level 3. HP: 26/29 MP: 3/3
   679 | D:1      | Reached skill level 1 in Dodging
   697 | D:1      | Noticed an elephant
   865 | D:2      | Reached skill level 1 in Throwing
  1060 | D:2      | Found an opulent altar of Gozag.
  1060 | D:2      | Found a glowing silver altar of Zin.
  1111 | D:2      | Noticed Sigmund
  1126 | D:2      | Killed Sigmund
  1126 | D:2      | Reached XP level 4. HP: 13/37 MP: 4/4
  1126 | D:2      | Reached XP level 5. HP: 15/42 MP: 5/5
  1642 | D:2      | Gained mutation: You are partially covered in thin metallic
                  | scales. (AC +2) [demonic ancestry]
  1642 | D:2      | Reached XP level 6. HP: 48/48 MP: 6/6
  2376 | D:3      | Noticed Robin
  2383 | D:3      | Killed Robin
  2798 | D:3      | You fall into a shaft and drop 1 floor!
  2825 | D:4      | Noticed a sky beast
  2852 | D:4      | Killed a sky beast
  2852 | D:4      | Gained mutation: You have a pair of antennae on your head.
                  | [demonic ancestry]
  2852 | D:4      | Reached XP level 7. HP: 26/55 MP: 7/7
  2940 | D:4      | Found a sand-covered staircase.
  2953 | Ossuary  | Entered an ossuary
  3625 | Ossuary  | Slain by a mummy

Levels and vault maps discovered:
D:1:      sevenhm_arrival_forest_fort_small_2, layout_basic, serial_bayou_pond_d
D:2:      cheibrodos_pilgrimage, layout_basic,
          grunt_temple_overflow_gold_and_silver, minmay_misc_feat_four_crosses,
          uniq_sigmund
D:3:      layout_basic, kiku_gazebo_garden_becter, first_ration,
          roderic_malta_cross, grunt_gozag_breadcrumbs, uniq_robin
D:4:      layout_rooms, serial_shops, kennysheep_little_box, enter_ossuary_3,
          uniq_menkaure
Ossuary:  ossuary_boxes_badplayer

Skill      XL: |  1  2  3  4  5  6  7 |
---------------+----------------------+-----
Long Blades    | 2 3 |  3.7
Armour         | 3 4 |  4.2
Dodging        | 1 2 3 |  3.1
Throwing       | 1 2 3 |  3.2
Fighting       | 4 |  4.7
Shields        | |  2.6

Action                   |  1- 3 |  4- 6 |  7- 9 || total
-------------------------+-------+-------+-------++-------
Melee: Long sword        |    83 |   207 |   147 ||   437
       Unarmed           |       |    17 |       ||    17
Throw: Javelin           |       |       |     4 ||     4
  Use: Potion            |     1 |     2 |     1 ||     4
       Scroll            |       |     3 |       ||     3
  Eat: Chunk             |     1 |     5 |     1 ||     7
       Ration            |       |       |     1 ||     1
Armor: Scale mail        |    35 |    10 |       ||    45
       Skin              |       |    45 |    17 ||    62
       Plate armour      |       |   169 |    79 ||   248
Dodge: Dodged            |    50 |    75 |    55 ||   180
       Rpst.: Long sword |    14 |    33 |    22 ||    69

Table legend:
 A = Non-vault XP
 B = Vault XP
 C = Vault XP percentage of total XP
 D = Non-vault monster count
 E = Vault monster count
 F = Vault count percentage of total count
                 A         B        C        D         E       F
            +---------+---------+-------+---------+---------+-------
      Total |     538 |     557 |  50.9 |      68 |      43 |  38.7
            +---------+---------+-------+---------+---------+-------
        D:1 |      51 |       0 |   0.0 |      24 |       0 |   0.0
        D:2 |     131 |     306 |  70.0 |      18 |       8 |  30.8
        D:3 |      92 |      36 |  28.1 |      17 |      12 |  41.4
        D:4 |     264 |       1 |   0.4 |       9 |       1 |  10.0
    Ossuary |       0 |     214 | 100.0 |       0 |      22 | 100.0
            +---------+---------+-------+---------+---------+-------
